[Event "Early-Titled-Tuesday-Blitz-August-29-2023"]
[Site "Chess.com"]
[Date "2023.08.29"]
[Round "5"]
[White "joppie2"]
[Black "SRob2003"]
[Result "1/2-1/2"]
[WhiteElo "2936"]
[BlackElo "2649"]
[TimeControl "180+1"]
[EndTime "8:56:00 PDT"]
[Termination "Game drawn by repetition"]

1. e4 c6 2. Nf3 d5 3. d3 dxe4 4. dxe4 Qxd1+ 5. Kxd1 g6 6. a4 Bh6 7. a5 Bxc1 8. Kxc1 Nf6 9. Nfd2 Nfd7 10. Nc3 e5 11. b4 Ke7 12. Be2 f6 13. Nb3 Nf8 14.
Rd1 Ne6 15. b5 Nd7 16. a6 Ndc5 17. Na5 cxb5 18. axb7 Bxb7 19. Nxb7 Nxb7 20. Bxb5 Nbc5 21. Nd5+ Kf7 22. Bc4 Rhc8 23. Rb1 Rab8 24. Ra1 Ra8 25. Ne3 Ke7 26. f3 a5 27. c3 Nb3+ 28. Bxb3 Rxc3+ 29. Bc2 Rxe3 30. Kd2 Rc8 31. Kxe3 Rxc2 32. Rxa5 Nf4 33.
Ra7+ Ke6 34. Ra6+ Ke7 35. Rd2 Nxg2+ 36. Kd3 Ne1+ 37. Ke2 Rxd2+ 38. Kxd2 Nxf3+ 39. Kd3 h5 40. Kc4 Nxh2 41. Kd5 Kf7 42. Ra7+ Kg8 43. Ke6 Ng4 44. Ra1 Kg7 45. Kd5 Kh6 46. Kc4 Kg5 47. Kd3 Kf4 48.
Rf1+ Kg3 49. Ke2 Kg2 50. Ra1 h4 51. Ra2 h3 52. Ke1+ Kg1 53. Ra3 Kg2 54. Ra2+ Kf3 55. Ra3+ Ne3 56. Kd2 h2 57. Rxe3+ Kg2 58. Re2+ Kg1 59.
Re1+ Kg2 60. Re2+ Kg1 61. Re1+ Kg2 62. Re2+ 1/2-1/2

[Event "Early-Titled-Tuesday-Blitz-August-29-2023"]
[Site "Chess.com"]
[Date "2023.08.29"]
[Round "5"]
[White "hitaman"]
[Black "kirillshevchenko"]
[Result "1-0"]
[WhiteElo "2724"]
[BlackElo "2960"]
[TimeControl "180+1"]
[EndTime "8:56:00 PDT"]
[Termination "hitaman won on time"]

1. e4 e5 2. Nf3 Nc6 3. Nc3 Nf6 4. d4 exd4 5. Nxd4 Nxe4 6. Nxe4 Qe7 7. f3 d5 8. Bb5 Bd7 9. O-O dxe4 10. Bxc6 bxc6 11. Re1 O-O-O 12. Qe2 Qb4 13. Qa6+ Qb7 14. Qxb7+ Kxb7 15. Rxe4 c5 16. Nb3 Bf5 17. Rc4 Rd1+ 18. Kf2 Be7 19. Nxc5+ Ka8 20. Nb3 Be6 21. Rxc7 Bh4+ 22. g3 Bf6 23.
Rxa7+ Kxa7 24. Be3+ Ka8 25. Rxd1 Bxb2 26. Bd4 Rd8 27. Ke3 Ba3 28. Rb1 f6 29. Bc5 Bxb3 30.
Bxa3 Bxc2 31. Rb2 Bg6 32. Bc5 Rd3+ 33. Ke2 Rd5 34. Bf8 Rd7 35. Rd2 Rf7 36. Rd8+ Kb7 37.
a3 Kc6 38. Ke3 Ra7 39. Bb4 Bb1 40. Rg8 g6 41. Rf8 f5 42. Kf4 Kd5 43. Rd8+ Ke6 44.
Kg5 Rd7 45. Rh8 Bd3 46. Kh6 Be2 47. f4 Kd5 48. Rxh7 Rxh7+ 49. Kxh7 Bh5 50. Kh6 Ke6 51. Kg7 Kd5 52. h3 Ke6 53. Ba5 Kd5 54. Kf6 Ke4 55. Kg5 Kf3 56. Be1 Ke2 57. g4 fxg4 58. hxg4 1-0

[Event "Early-Titled-Tuesday-Blitz-August-29-2023"]
[Site "Chess.com"]
[Date "2023.08.29"]
[Round "5"]
[White "Arteler"]
[Black "ATM622"]
[Result "1-0"]
[WhiteElo "2236"]
[BlackElo "2494"]
[TimeControl "180+1"]
[EndTime "8:56:01 PDT"]
[Termination "Arteler won by checkmate"]

1. e4 c6 2. d4 d5 3. exd5 cxd5 4. c4 e6 5. Nc3 Nf6 6. Nf3 dxc4 7. Bxc4 Nc6 8. O-O Be7 9. h3 O-O 10. Be3 a6 11.
Ne5 Nd5 12. Nxd5 exd5 13. Nxc6 bxc6 14. Bd3 f5 15. Bf4 Bf6 16. Be5 Bxe5 17. dxe5 Qg5 18. f4 Qe7 19. Rc1 c5 20. b3 Be6 21. Qe2 a5 22. Bb5 Rac8 23. Rfd1 Qh4 24. Qf2 Qxf2+ 25. Kxf2 Kf7 26. Rd2 c4 27. bxc4 dxc4 28. Bd7 Rcd8 29.
Bxe6+ Kxe6 30. Rdc2 c3 31. Rxc3 Rd2+ 32. Kg3 Rxa2 33.
Rc7 g5 34. R1c6+ Kd5 35. Rd6+ Ke4 36. Rc4+ Ke3 37. Rc3+ Ke4 38. Rc4+ Ke3 39. Rc3+ Ke2 40. fxg5 f4+ 41. Kh4 Kf2 42. Rf6 Re8 43. Rxf4+ Kxg2 44. Rg3+ Kh2 45. Re3 Re6 46. Rf6 Ra4+ 47. Kh5 Re8 48.
e6 Ra1 49. e7 a4 50. Rf8 Rxe7 51. Rxe7 a3 52. Ra8 a2 53. Rea7 Kg3 54. Ra3+ Kf4 55.
R8a4+ Ke5 56. Rxa2 Rh1 57. h4 Kd5 58. Rf2 Kc5 59. Rf5+ Kb6 60. Re4 Kc6 61. Re6+ Kd7 62. Ra6 Ke7 63. Rb5 Rg1 64. Rb7+ Kd8 65. Ra8# 1-0

[Event "Early-Titled-Tuesday-Blitz-August-29-2023"]
[Site "Chess.com"]
[Date "2023.08.29"]
[Round "5"]
[White "Cayse"]
[Black "Kildepiotr"]
[Result "0-1"]
[WhiteElo "2886"]
[BlackElo "2667"]
[TimeControl "180+1"]
[EndTime "8:56:03 PDT"]
[Termination "Kildepiotr won on time"]

1. e4 g6 2. d4 Bg7 3. Nc3 c6 4. f4 d5 5. e5 Nh6 6. Nf3 Bg4 7. Bd3 Nf5 8. Bxf5 gxf5 9. Be3 h5 10.
Qd3 Bxf3 11. gxf3 e6 12. O-O-O Bh6 13. Rhg1 Qh4 14. Ne2 Nd7 15. Kb1 O-O-O 16. Qa3 Kb8 17. Rg2 Bf8 18. Qd3 Nb6 19. Rdg1 Qe7 20. Rg5 h4 21.
Bc1 Qc7 22. b3 c5 23. dxc5 Bxc5 24. Nd4 a6 25. Rg7 Rd7 26. Rg8+ Rxg8 27. Rxg8+ Ka7 28.
Bd2 Nc4 29. Bc3 Qb6 30. Ka1 Na3 31. Rc8 Rc7 32. Rxc7 Qxc7 33. Kb2 Qb6 34. Kc1 h3 35. Bb2 Nb5 36. c3 Bxd4 37. cxd4 Qa5 38. a4 Qe1+ 39.
Qd1 Qe3+ 40. Qd2 Qg1+ 41. Kc2 Nc7 42. Ba3 b6 43. Be7 Kb7 44. Bh4 a5 45. Be7 Na6 46.
Bd6 Qa1 47. Kd3 Qb1+ 48. Qc2 Qf1+ 49. Ke3 Qe1+ 50. Qe2 Qg1+ 51. Kd3 Qb1+ 52. Kc3 Qa1+ 53. Qb2 Qe1+ 54. Qd2 Qa1+ 55. Kd3 Qb1+ 56. Qc2 Qf1+ 0-1

[Event "Early-Titled-Tuesday-Blitz-August-29-2023"]
[Site "Chess.com"]
[Date "2023.08.29"]
[Round "5"]
[White "viktorgen2021"]
[Black "Kubas1010"]
[Result "0-1"]
[WhiteElo "2452"]
[BlackElo "2669"]
[TimeControl "180+1"]
[EndTime "8:56:03 PDT"]
[Termination "Kubas1010 won by resignation"]

1. d4 d5 2. Nf3 Nf6 3. c4 e6 4. g3 Be7 5. Bg2 O-O 6. O-O dxc4 7. Qc2 a6 8. a4 Bd7 9. Qxc4 Bc6 10. Bg5 a5 11. Rd1 Na6 12. Bxf6 Bxf6 13. Nc3 Bxf3 14. Bxf3 c6 15. e4 Nb4 16. d5 cxd5 17. exd5 Rc8 18. Qb5 exd5 19. Nxd5 Nc2 20. Bg4 Nd4 21. Qd7 Qxd7 22.
Nxf6+ gxf6 23. Bxd7 Rc4 24. Kf1 Rd8 25. Bg4 Rd6 26. Rd2 f5 27. Be2 Rb4 28. Rad1 Rxa4 29. b3 Rb4 30. Bc4 b5 31. Bxb5 Rxb3 32. Rxd4 Rxd4 33.
Rxd4 Rxb5 34. Ke2 Kg7 35. Ra4 Kf6 36. f4 Ke6 37. Ke3 Kd5 38. h3 Kc5 39. g4 Rb3+ 40.
Kd2 Kb5 41. Rd4 Rxh3 42. Rd5+ Kb4 43. Rxf5 a4 44. Rxf7 a3 45. Rb7+ Kc4 46. Rc7+ Kd4 47. f5 a2 48. Ra7 Rh2+ 49. Kc1 Ke5 50. Ra5+ Kf6 51. Ra6+ Kg5 52. Ra4 h6 53. Ra5 Rf2 54.
Ra6 Kxg4 55. f6 h5 56. f7 Rxf7 57. Rxa2 Rf1+ 58. Kb2 Rf2+ 0-1

[Event "Early-Titled-Tuesday-Blitz-August-29-2023"]
[Site "Chess.com"]
[Date "2023.08.29"]
[Round "5"]
[White "JoliyRoger"]
[Black "KorolDimitriy75"]
[Result "1-0"]
[WhiteElo "2503"]
[BlackElo "2345"]
[TimeControl "180+1"]
[EndTime "8:56:03 PDT"]
[Termination "JoliyRoger won on time"]

1. Nf3 c5 2. c4 g6 3. Nc3 Bg7 4.
e3 Nf6 5. Be2 O-O 6. O-O Nc6 7.
a3 d5 8. cxd5 Nxd5 9. Ne4 b6 10.
d3 Bb7 11. Qc2 Rc8 12. Rb1 Qd7 13. Re1 h6 14. Bf1 Kh7 15. h3 f5 16. Ng3 e5 17. b3 f4 18. Ne4 fxe3 19. fxe3 Qe7 20.
Bb2 Rf7 21. Rbc1 Rcf8 22. Qf2 Na5 23. Ned2 Nc7 24. Qg3 Re8 25. Bc3 Nc6 26. Ne4 Nd5 27. Bb2 Rff8 28. Nh4 Qe6 29. Nf3 Qe7 30. Ba1 Na5 31.
Nfd2 Nc6 32. Rb1 Nf6 33. Nxf6+ Bxf6 34. Ne4 Bg7 35. Bc3 a5 36. Nd2 Qe6 37. Nc4 Nd8 38. Be2 Nf7 39. Bg4 Qe7 40. Nxb6 h5 41. Be2 e4 42. Bxg7 Kxg7 43. Nc4 Qg5 44. Qxg5 Nxg5 45.
Nxa5 Bd5 46. Nc4 exd3 47. Bxd3 Re7 48. Rbc1 Ne4 49. Nb6 Bb7 50. Bxe4 Bxe4 51. Rxc5 Rb8 52. Nd5 1-0

[Event "Early-Titled-Tuesday-Blitz-August-29-2023"]
[Site "Chess.com"]
[Date "2023.08.29"]
[Round "5"]
[White "vishwa_vijeta"]
[Black "AniJak"]
[Result "1/2-1/2"]
[WhiteElo "2540"]
[BlackElo "2383"]
[TimeControl "180+1"]
[EndTime "8:56:06 PDT"]
[Termination "Game drawn by repetition"]

1. e4 Nf6 2. e5 Nd5 3. Nf3 d6 4. d4 dxe5 5. Nxe5 c6 6. Bd3 g6 7. O-O Bg7 8. Re1 O-O 9. c3 Nd7 10.
Nxd7 Bxd7 11. Nd2 Re8 12. Nf3 Bg4 13. h3 Bxf3 14. Qxf3 Qd6 15. a3 e5 16. dxe5 Rxe5 17. Rxe5 Qxe5 18. Bd2 Re8 19. Re1 Qb8 20. Rxe8+ Qxe8 21. Bc4 Qe5 22. g3 f5 23. Be3 a6 24. Bf4 Qe4 25.
Qxe4 fxe4 26. Kf1 Kf8 27. Bd2 Ke7 28. Bb3 Be5 29. Ke2 Kd6 30. Bc2 Nf6 31. c4 Bxb2 32. a4 Ke6 33. Bg5 Bd4 34. Bxf6 Bxf6 35. Bxe4 Ke5 36. Kd3 Kd6 37. f4 Kc5 38. g4 b5 39.
axb5 axb5 40. cxb5 cxb5 41. g5 Bg7 42. h4 Bf8 43. h5 Bd6 44. hxg6 hxg6 45. Ke3 b4 46. Bxg6 b3 47. Bb1 b2 48. f5 Kd5 49. g6 Be5 50.
Kf3 Kd6 51. Kg4 Ke7 52. Kg5 Bf6+ 53. Kh6 Kf8 54. Kh7 Bg7 55. Bc2 Bf6 56. Kh6 Bg7+ 57. Kg5 Ke7 58. Kg4 Bf6 59. Kf4 Kf8 60. Ke4 Ke7 61.
Kd5 Bg7 62. Bb1 Bf6 63. Kc6 Bg7 64. Kb5 Bf6 65. Kc4 Bg7 66. Kb3 Bf6 67. Ka2 Bg7 68.
Ka3 Bf6 69. Ka4 Bg7 70. Ka5 Bf6 71. Ka6 Bg7 72. Kb5 Bf6 73. Kc4 Bg7 74. Kd3 Bf6 75. Ke2 Bg7 76. Kf3 Bf6 77. Kg4 Bg7 78. Kg5 Bf6+ 79.
Kh6 Kf8 80. Kh5 Bg7 81. Kg4 Ke7 82. Kf3 Bf6 83. Kg4 Bg7 1/2-1/2

[Event "Early-Titled-Tuesday-Blitz-August-29-2023"]
[Site "Chess.com"]
[Date "2023.08.29"]
[Round "5"]
[White "Iball95"]
[Black "Vesper2018"]
[Result "1-0"]
[WhiteElo "2772"]
[BlackElo "2598"]
[TimeControl "180+1"]
[EndTime "8:56:07 PDT"]
[Termination "Iball95 won on time"]

1. e4 c5 2. Nf3 d6 3. Nc3 a6 4. d4 cxd4 5. Qxd4 Nc6 6. Qd3 g6 7. Be2 Bg7 8. O-O Nf6 9. Nd5 O-O 10. c3 Bg4 11. Bg5 Nd7 12. Rad1 Bxf3 13. Qxf3 Kh8 14. Qh3 f6 15. Be3 f5 16. Nf4 Rf6 17.
exf5 gxf5 18. Nh5 Rg6 19. Nxg7 Rxg7 20. Qxf5 Nf6 21. f4 Qg8 22. Bf3 Rf8 23. Qb1 Ng4 24. Bb6 Rxf4 25. Qc2 Nce5 26. Be4 Rxf1+ 27. Rxf1 Nf6 28.
Bd4 Qc4 29. Bxb7 h6 30. Qd2 Rg6 31. b3 Qb5 32. Bf3 Nxf3+ 33. Rxf3 Kg7 34. Qf2 e5 35. Be3 Qc6 36. h3 Qe4 37. Rg3 Qb1+ 38. Kh2 Ne4 39. Rxg6+ Kxg6 40. Qf3 Ng5 41. Bxg5 hxg5 42. Qe2 Kf5 43. c4 e4 44. Qf2+ Kg6 45. Qg3 Qd3 46.
b4 Qd4 47. h4 Qf6 48. Qxg5+ Qxg5 49. hxg5 Kxg5 50. Kg3 Kf5 51. Kf2 Kf4 52. g3+ Kg4 53. Ke3 Kf5 54. c5 d5 55. c6 Ke6 56. g4 Kd6 57. g5 Kxc6 58. g6 Kd6 59. g7 Ke5 60.
g8=Q d4+ 61. Ke2 1-0

[Event "Early-Titled-Tuesday-Blitz-August-29-2023"]
[Site "Chess.com"]
[Date "2023.08.29"]
[Round "5"]
[White "starworld123"]
[Black "Pax-Pramana"]
[Result "1-0"]
[WhiteElo "2781"]
[BlackElo "2478"]
[TimeControl "180+1"]
[EndTime "8:56:07 PDT"]
[Termination "starworld123 won by resignation"]

1. d4 Nf6 2. Bg5 Ne4 3. Bf4 c5 4. f3 Nf6 5. dxc5 Na6 6. e4 e6 7. Bxa6 bxa6 8. Bd6 a5 9. Nc3 Ba6 10. Qd4 Rb8 11. Bxb8 Qxb8 12. O-O-O Qc7 13. Na4 Be7 14.
Kb1 O-O 15. c4 Rb8 16. b3 Rb4 17. e5 Nd5 18. Nc3 Bxc4 19. Nxd5 Bxd5 20. Qc3 Bxc5 21. Rc1 Bc4 22. Ne2 Qb6 23. Rc2 a4 24. Nc1 Be3 25.
Qxb4 Qxb4 26. Rxc4 Qb7 27. Rxa4 g5 28. Nd3 Qb5 29.
Rd1 a5 30. Re4 Bb6 31. Rc4 Kg7 32. Kc2 Bd8 33. g3 Be7 34. f4 h6 35. Rf1 Qd5 36.
f5 exf5 37. Rxf5 Qg2+ 38. Rf2 Qg1 39. Re4 Bb4 40. Ree2 Ba3 41. Re1 Qxf2+ 42. Nxf2 Bb4 43. Rf1 d5 44. Nd3 Be7 45. Nc1 Kg6 46. Ne2 h5 47. Nd4 Bc5 48. Nc6 Bb6 49. Ne7+ Kg7 50. Nxd5 Bd8 51. Rf5 Kg6 52. Rf2 g4 53. Re2 Kg5 54. Nf4 Be7 55. e6 f5 56. Nd5 Bd6 57. e7 Bxe7 58. Rxe7 h4 59. Rg7+ Kh6 60. Rg8 h3 61. Kd3 Kh7 62. Rg5 f4 63. Nxf4 1-0

[Event "Early-Titled-Tuesday-Blitz-August-29-2023"]
[Site "Chess.com"]
[Date "2023.08.29"]
[Round "5"]
[White "Rutricks"]
[Black "GMForgacs"]
[Result "1-0"]
[WhiteElo "2614"]
[BlackElo "2433"]
[TimeControl "180+1"]
[EndTime "8:56:07 PDT"]
[Termination "Rutricks won by resignation"]

1. Nf3 Nf6 2. b3 g6 3. Bb2 Bg7 4. e3 O-O 5. Be2 d5 6. O-O c5 7. c4 Nc6 8. h3 Bf5 9. Re1 e6 10. Nc3 h5 11. cxd5 exd5 12. d4 cxd4 13. Nxd4 Nxd4 14. exd4 Re8 15. Bf3 Ne4 16. Ne2 Qh4 17. Rf1 Rad8 18. Bxe4 dxe4 19. Qd2 Kh7 20. Ng3 Bh6 21.
Qc3 e3 22. Nxf5 gxf5 23. d5 Rg8 24. Kh1 Rxg2 25. Kxg2 Rg8+ 26. Kf3 Qe4+ 27. Ke2 exf2+ 28. Kd1 Rd8 29. Qd4 Rxd5 30. Qxd5 Qxd5+ 31. Ke2 Qe4+ 32. Kxf2 Be3+ 33. Kg3 f4+ 34. Kh2 h4 35. Bf6 Qc2+ 36. Kh1 Bf2 37. Rac1 Qe4+ 38. Kh2 Bg3+ 39. Kg1 f3 40. Rc3 f2+ 41. Rxf2 Bxf2+ 42. Kxf2 Qf5+ 43. Rf3 Qc5+ 44. Kg2 Qc2+ 45. Rf2 Qc6+ 46. Kh2 Kg6 47.
Bxh4 Qd6+ 48. Bg3 Qd3 49. Rg2 Kh5 50. Bf4 f5 51. Rg5+ Kh4 52. Rg2 Qe4 53. Rf2 Qd5 54.
Rg2 Qe4 55. Rf2 Kh5 56. Kg3 b5 57. Rd2 Qc6 58. Rd6 Qc3+ 59. Kg2 Qc2+ 60. Rd2 Qe4+ 61. Kg3 Qe1+ 62. Rf2 a5 63. Kg2 a4 64. bxa4 bxa4 65.
Bg3 a3 66. Rxf5+ Kg6 67. Bxe1 Kxf5 68. Bb4 Ke4 69. Bxa3 Kd3 70. Kg3 1-0

[Event "Early-Titled-Tuesday-Blitz-August-29-2023"]
[Site "Chess.com"]
[Date "2023.08.29"]
[Round "5"]
[White "ferrufino64"]
[Black "OlaaLa"]
[Result "0-1"]
[WhiteElo "2106"]
[BlackElo "2435"]
[TimeControl "180+1"]
[EndTime "8:56:07 PDT"]
[Termination "OlaaLa won on time"]

1. e4 c5 2. Nf3 a6 3. d4 cxd4 4. Nxd4 Nf6 5. f3 e5 6. Nb3 d5 7. exd5 Nxd5 8. Bd2 Nc6 9. Nc3 Be6 10. Nxd5 Qxd5 11. Bc3 O-O-O 12. Qxd5 Rxd5 13. Bd3 f5 14. O-O-O b5 15. Rhe1 Bd6 16. h3 h5 17. a3 Kc7 18.
Na5 Rc8 19. Nxc6 Kxc6 20. Kb1 Kb6 21. Re2 a5 22. Rde1 Rcc5 23. Bd2 Rc7 24. Bg5 b4 25. Bd8 bxa3 26. Bxc7+ Bxc7 27. Bc4 Rd6 28. Bxe6 Rxe6 29. bxa3 Kc5 30. Kb2 Kc4 31. c3 a4 32. Kc2 Bd6 33.
g4 hxg4 34. hxg4 g6 35. gxf5 gxf5 36. Rh1 Rg6 37. Rh4+ f4 38. Re4+ Kb5 39. Rh1 Rg3 40. Rb1+ Ka5 41. Rf1 Rg5 42. Kd3 Rg2 43. Kc4 Ra2 44.
Rd1 Bc7 45. Rd5+ Kb6 46. Kb4 Kc6 47. Rc5+ Kb6 48. Rd5 Kc6 49. Rc5+ Kb6 50. Rb5+ Ka6 51. c4 Bd6+ 52. c5 Rb2+ 53. Kc4 Rxb5 54. cxd6 Rb7 55.
Rxe5 Kb6 56. Kd5 Rd7 57. Re7 Rd8 58. Ke6 Rh8 59. Rf7 Kc6 0-1

[Event "Early-Titled-Tuesday-Blitz-August-29-2023"]
[Site "Chess.com"]
[Date "2023.08.29"]
[Round "5"]
[White "Druid24"]
[Black "Balla_Tamas"]
[Result "1-0"]
[WhiteElo "2654"]
[BlackElo "2439"]
[TimeControl "180+1"]
[EndTime "8:56:09 PDT"]
[Termination "Druid24 won by resignation"]

1. d4 d5 2. c4 e6 3. Nc3 c5 4. Nf3 Nf6 5. cxd5 exd5 6. g3 Nc6 7. Bg2 cxd4 8. Nxd4 Bc5 9. Nb3 Bb6 10. Nxd5 Be6 11.
Nxb6 Qxd1+ 12. Kxd1 axb6 13. Nd2 Ke7 14. b3 Rhd8 15. e3 Bxb3+ 16. Ke2 Rxa2 17. Ba3+ Ke8 18. Rxa2 Bxa2 19. Ra1 Bd5 20. f3 Ne5 21. e4 Bc4+ 22.
Nxc4 Nxc4 23. Bb4 Nd7 24. f4 Nc5 25. e5 Nb3 26. Ra7 Nd4+ 27. Kf2 Nc6 28. Bxc6+ bxc6 29. Re7+ Kf8 30. Rc7+ c5 31. Bc3 Rd3 32. Be1 Na3 33. Rc8+ Ke7 34. f5 c4 35. Rc7+ Ke8 36. Bb4 Nb5 37.
Re7+ Kd8 38. Rxf7 c3 39. e6 Nc7 40. e7+ Kd7 41. Rf8 c2 42. Rd8+ Kc6 43. e8=Q+ Nxe8 44. Rxe8 c1=Q 45. Rc8+ Kb5 46. Rxc1 Kxb4 47. Rc7 g6 48. f6 Rd2+ 49. Ke3 Rd6 50. f7 Rf6 51. Ke4 Kb3 52. Ke5 Rf2 53. Ke6 b5 54. Rc8 b4 55.
f8=Q Rxf8 56. Rxf8 Kc2 57. Rb8 b3 58. Kf6 b2 59.
Kg7 b1=Q 60. Rxb1 1-0

[Event "Early-Titled-Tuesday-Blitz-August-29-2023"]
[Site "Chess.com"]
[Date "2023.08.29"]
[Round "5"]
[White "TigrVShlyape"]
[Black "DreamsAreFake"]
[Result "1-0"]
[WhiteElo "2899"]
[BlackElo "2650"]
[TimeControl "180+1"]
[EndTime "8:56:10 PDT"]
[Termination "TigrVShlyape won by checkmate"]

1. d4 Nf6 2. Bf4 b6 3. e3 Bb7 4.
Nf3 g6 5. a4 a5 6. Nbd2 Bg7 7.
Bb5 O-O 8. h3 d6 9. O-O Nbd7 10.
Re1 Re8 11. e4 e5 12. dxe5 dxe5 13. Bh2 Qe7 14. c3 Rad8 15. Qc2 Nh5 16. Rab1 c6 17. Bf1 Nc5 18. Nc4 Qc7 19. b4 axb4 20. cxb4 Ne6 21. Ncxe5 Nd4 22. Nxd4 Bxe5 23. Bxe5 Rxe5 24. Nf3 Re7 25.
g3 Nf6 26. e5 Nd5 27. Bg2 Ra8 28. h4 c5 29. bxc5 Qxc5 30. Qxc5 bxc5 31. Ng5 Nb4 32.
Bxb7 Rxb7 33. Ne4 c4 34. Nd6 Rbb8 35. Nxc4 Rxa4 36. Nd6 Raa8 37. Rbd1 Nc6 38. Kg2 Nd8 39.
h5 Ne6 40. h6 Rb2 41. Ne4 Kh8 42. Rd7 Rf8 43. Ra1 Re2 44. Ra4 Kg8 45. Kf1 Rb2 46. Nf6+ Kh8 47. Ne4 Rb6 48. Raa7 Nd8 49. Nd6 Kg8 50. Ne4 Rb8 51. Nf6+ Kh8 52. Rac7 Ra8 53.
Kg2 Rb8 54. f4 Ra8 55. e6 Nxe6 56. Rxf7 Rxf7 57. Rxf7 Nf8 58. g4 Rd8 59. Kf3 Ra8 60. Ke4 Rb8 61. Kd5 Ra8 62. Kd6 Ra6+ 63. Ke7 Ra8 64. f5 gxf5 65. Rxf8+ Rxf8 66. Kxf8 fxg4 67. Nd7 g3 68. Ne5 g2 69. Nf7# 1-0

[Event "Early-Titled-Tuesday-Blitz-August-29-2023"]
[Site "Chess.com"]
[Date "2023.08.29"]
[Round "5"]
[White "dosto07"]
[Black "Zurability"]
[Result "0-1"]
[WhiteElo "2468"]
[BlackElo "2707"]
[TimeControl "180+1"]
[EndTime "8:56:10 PDT"]
[Termination "Zurability won on time"]

1. e4 c5 2. Nf3 d6 3. Bb5+ Nd7 4. d4 cxd4 5. Qxd4 a6 6. Bxd7+ Bxd7 7. Nc3 e5 8. Qd3 h6 9. Nd2 Nf6 10. Nc4 Be7 11. Nxd6+ Bxd6 12. Qxd6 Qe7 13. Qxe7+ Kxe7 14. Be3 Bc6 15. Bc5+ Ke6 16. f3 Rhd8 17. Ke2 Nd7 18. Be3 b5 19. Rhd1 b4 20. Nd5 Bb5+ 21. Ke1 Rac8 22. Rac1 a5 23. Bb6 Nxb6 24. Nxb6 Rxd1+ 25. Kxd1 Rc6 26. Nd5 f5 27. Kd2 fxe4 28. fxe4 Rc4 29. Re1 Bc6 30. c3 Bxd5 31. exd5+ Kxd5 32. cxb4 Rxb4 33. Kc3 Rc4+ 34. Kd2 a4 35. Rf1 Rd4+ 36. Kc3 Rc4+ 37. Kd2 Rc7 38. Rf8 Rb7 39. Kc3 Rc7+ 40.
Kd2 Ke4 41. Ra8 Rc4 42. Ra7 g5 43. Ra6 h5 44. Rg6 Kf5 45. Rh6 h4 46. Rh8 Rg4 47. g3 hxg3 48. hxg3 Rxg3 49. Ra8 Rg2+ 50. Kc3 g4 51. Rxa4 g3 52. Ra8 Rf2 53. Rf8+ Ke4 54. Rg8 g2 55. a4 Kf4 56. a5 Rf3+ 57. Kc4 Rg3 58. Rxg3 Kxg3 59. a6 g1=Q 60. Kb5 Qa7 61. b4 e4 62. Ka5 e3 63. b5 Qc5 64. a7 Qxa7+ 65. Kb4 e2 66. b6 Qb7 67. Kb5 e1=Q 0-1

[Event "Early-Titled-Tuesday-Blitz-August-29-2023"]
[Site "Chess.com"]
[Date "2023.08.29"]
[Round "5"]
[White "FairChess_on_YouTube"]
[Black "vladislavkovalev"]
[Result "1/2-1/2"]
[WhiteElo "3052"]
[BlackElo "2918"]
[TimeControl "180+1"]
[EndTime "8:56:12 PDT"]
[Termination "Game drawn - insufficient material"]

1. d4 Nf6 2. c4 e6 3. Nf3 d5 4. Bg5 Be7 5. e3 O-O 6. Qc2 b6 7. Nc3 Bb7 8. Rd1 Nbd7 9. Be2 h6 10. Bh4 Rc8 11. O-O Ne4 12. Bxe7 Qxe7 13. cxd5 Nxc3 14.
bxc3 exd5 15. a4 c5 16. Qb2 Rc7 17. a5 cxd4 18. Nxd4 bxa5 19. Ra1 Qc5 20. Qa3 Qxc3 21. Qxc3 Rxc3 22. Rxa5 Ra8 23. Rb1 Rc5 24. Ra3 Bc6 25.
Ra6 Nb8 26. Raa1 Nd7 27. h4 Ne5 28. Ra6 Be8 29. Rb7 Rc1+ 30. Kh2 Re1 31. Raxa7 Rxa7 32. Rxa7 Kf8 33. Kg3 Nc6 34. Nxc6 Bxc6 35. Bf3 Rc1 36. Rc7 Rc4 37. Bh5 Be8 38. Rb7 d4 39. exd4 Rxd4 40. Bf3 Rd6 41. h5 Rf6 42. Rb8 Re6 43. Bg4 Rd6 44.
Kf4 Ke7 45. Rb7+ Kf6 46. Ra7 Rd4+ 47. Kg3 Rd6 48. f3 Bb5 49. Rb7 Bc4 50. Rb4 Be6 51.
Rf4+ Ke7 52. Re4 Kf6 53. Bxe6 Rxe6 54. Rxe6+ Kxe6 55. Kf4 Kf6 56. g4 g6 57. hxg6 fxg6 58. g5+ hxg5+ 59. Kg4 Kf7 60. Kxg5 Kg7 61. f4 Kf7 62. f5 gxf5 63. Kxf5 1/2-1/2

[Event "Early-Titled-Tuesday-Blitz-August-29-2023"]
[Site "Chess.com"]
[Date "2023.08.29"]
[Round "5"]
[White "SaqoChess_Twitch"]
[Black "ShiroglanTalibov"]
[Result "0-1"]
[WhiteElo "2615"]
[BlackElo "2819"]
[TimeControl "180+1"]
[EndTime "8:56:13 PDT"]
[Termination "ShiroglanTalibov won by resignation"]

1. d4 d5 2. c4 c6 3. Nc3 Nf6 4. e3 Bf5 5. cxd5 cxd5 6. Qb3 Nc6 7. Qxb7 Bd7 8. Qb3 Rb8 9. Qd1 e5 10. dxe5 Nxe5 11. Be2 Bd6 12. Nf3 O-O 13. O-O Qc7 14.
g3 Rfd8 15. Nxe5 Bxe5 16. Bf3 Bh3 17. Bg2 Bxg2 18. Kxg2 d4 19. exd4 Bxd4 20. Qf3 Bxc3 21. bxc3 Rbc8 22. Bg5 Qxc3 23. Bxf6 Qxf3+ 24. Kxf3 gxf6 25.
Rac1 Rd3+ 26. Kg2 Rcd8 27. Rc7 Ra3 28. Re1 Rxa2 29. Re4 f5 30. Re5 h6 31. Rxf5 Rf8 32. h4 Kg7 33. Rf4 Ra5 34. Rc6 h5 35. Rc7 Kg6 36.
Rfc4 f6 37. Rd7 Rf7 38. Rd8 Ra2 39. Rcc8 a5 40. Rg8+ Rg7 41. Rgd8 Ra7 42. Rg8+ Rg7 43.
Rgf8 Rf7 44. Rfd8 Ra7 45. Ra8 Rxa8 46. Rxa8 a4 47. Ra7 Ra3 48. Kf1 Ra1+ 49. Kg2 Ra3 50.
Rb7 Rb3 51. Rc7 a3 52. Ra7 Kf5 53. Ra5+ Kg6 54. Kh3 Rc3 55. Ra4 Rd3 56. Kg2 Rb3 57. f3 Rb2+ 58. Kh3 a2 59. Ra5 f5 60. Ra6+ Kf7 61. g4 hxg4+ 62. fxg4 f4 63. g5 f3 64. Kg3 f2 65. Kg2 f1=Q+ 66. Kxf1 Rb1+ 67. Kf2 a1=Q 68. Rxa1 Rxa1 69. Kg3 Ra4 70. Kh3 Kg6 71. Kg3 Kh5 72. g6 Kxg6 0-1

[Event "Early-Titled-Tuesday-Blitz-August-29-2023"]
[Site "Chess.com"]
[Date "2023.08.29"]
[Round "5"]
[White "fireheart92"]
[Black "Ajedrecista3000"]
[Result "0-1"]
[WhiteElo "2950"]
[BlackElo "2708"]
[TimeControl "180+1"]
[EndTime "8:56:14 PDT"]
[Termination "Ajedrecista3000 won by resignation"]

1. d4 Nf6 2. c4 b6 3. Nc3 Bb7 4.
Qc2 d5 5. cxd5 Nxd5 6. e4 Nxc3 7. bxc3 e6 8. Nf3 Be7 9. Bd3 c5 10. Bf4 cxd4 11. cxd4 Nc6 12. Bb5 Rc8 13. O-O O-O 14. Qd2 Nb4 15. Rfc1 Bxe4 16. Ng5 Rxc1+ 17. Rxc1 Bxg2 18.
f3 Nd5 19. h4 h6 20. Kxg2 Nxf4+ 21. Qxf4 hxg5 22. Qe4 gxh4 23. Bd3 g6 24. Rc6 Qd7 25. Bc4 Kg7 26. d5 exd5 27. Bxd5 Bf6 28. Rxf6 Kxf6 29. Qd4+ Kg5 30. Qe3+ Kf6 31. Qd4+ Kg5 32. Qe3+ Kh5 33. Qe5+ Qf5 34. Qd6 Re8 35. Be4 Qg5+ 36. Kf1 Qc1+ 37.
Kg2 Qg5+ 38. Kf1 Re6 39. Qb8 Qc1+ 40. Kg2 Qd2+ 41. Kh3 Kg5 42. Qh8 Qf4 43. Qd8+ Rf6 44. Qd5+ Kh6 45. Kg2 Qg3+ 46. Kf1 h3 47. Qd2+ Qg5 48. Qf2 Qg2+ 49. Qxg2 hxg2+ 50. Kxg2 Kg5 51. Kg3 Rd6 52. f4+ Kf6 53. Kg4 Rd2 54. Bc6 Rxa2 55.
Bd5 Ra5 56. Bc6 Rc5 57. Bd7 a5 0-1

[Event "Early-Titled-Tuesday-Blitz-August-29-2023"]
[Site "Chess.com"]
[Date "2023.08.29"]
[Round "5"]
[White "Laico"]
[Black "Iskusnyh"]
[Result "0-1"]
[WhiteElo "2435"]
[BlackElo "2631"]
[TimeControl "180+1"]
[EndTime "8:56:14 PDT"]
[Termination "Iskusnyh won on time"]

1. e4 e6 2. d4 d5 3. Nd2 c5 4.
Ngf3 cxd4 5. exd5 Qxd5 6. Bc4 Qd6 7. O-O Nf6 8. Nb3 Nc6 9. Nbxd4 Nxd4 10. Qxd4 Qxd4 11. Nxd4 Bd7 12. Bb5 Bc5 13. Bxd7+ Kxd7 14. Nb3 Bb6 15. Re1 Ng4 16. Re2 Rhd8 17. h3 Nf6 18. Be3 Bxe3 19. Rxe3 Ke7 20. Rae1 Nd5 21. Re5 Kf6 22.
c3 g5 23. g3 h6 24. Nd4 Rac8 25. Kg2 Nb6 26. R5e3 Nc4 27. Rf3+ Kg7 28. Re2 a6 29. h4 g4 30. Rf4 h5 31. Rfe4 b5 32. f3 gxf3+ 33.
Kxf3 Rd5 34. Kg2 Kg6 35. Rf2 Re5 36. Ref4 f5 37. Nf3 Ne3+ 38. Kh3 Rd5 39. Rd2 Rxd2 40. Nxd2 Rd8 41. Rd4 Rxd4 42. cxd4 Kf6 43. Nf3 Nd1 44.
b3 b4 45. Kg2 Nc3 46. Ne5 Nxa2 47. Nc6 Kf7 48. Kf3 Ke8 49. Kf4 Kd7 50. Na5 Kd6 51.
Kg5 Kd5 52. Kxh5 Kxd4 53. Kg5 e5 54. h5 e4 55. h6 e3 56. h7 e2 57. h8=Q+ Ke3 58. Qa1 Nc3 59. Qe1 Ne4+ 60. Kxf5 Nd2 61. Nc4+ Nxc4 62. bxc4 b3 63. Kg4 a5 0-1